 Dungeon Crawl Stone Soup version 0.30-a0-223-gcb0039aa0c (webtiles) character file.

Game seed: 12979791208515631262

178120 qw the Peltast (level 18, -10/119 HPs)
             Began as a Gargoyle Fighter on Oct 9, 2022.
             Was a High Priest of Okawaru.
             Killed from afar by Mara (47 damage)
             ... with a bolt of fire
             ... on level 3 of the Shoals.
             The game lasted 00:17:34 (29241 turns).

qw the Peltast (Gargoyle Fighter)                  Turns: 29241, Time: 00:17:34

Health: -10/119    AC: 47    Str: 36    XL:     18   Next: 19%
Magic:  22/25      EV: 12    Int: 11    God:    Okawaru [*****.]
Gold:   2421       SH: 23    Dex:  9    Spells: 17/17 levels left

rFire   . . .      SeeInvis +    p - +6 war axe (vamp)
rCold   . . .      Faith    .    a - +2 tower shield
rNeg    + + .      Spirit   .    L - +6 chain mail "Kiluh" {rCorr}
rPois   inf        Reflect  .    w - +1 helmet of Limited Liability {rC- Str+4}
rElec   +          Harm     .    t - +1 cloak
rCorr   +          Rampage  .    n - +2 pair of gloves
Will    +....                    l - +2 pair of boots of the Barnacle {rC+ rN+}
Stlth   +.........               i - amulet of regeneration
HPRegen 1.19/turn                f - ring of see invisible
MPRegen 0.19/turn                s - ring of Ahimuleo {Str+6 Stlth+}

@: about to teleport, heroic, finesse-ful, flying
A: sickness immunity, AC +13, big wings, negative energy resistance 1,
electricity resistance, torment resistance 1, petrification resistance
a: Renounce Religion, Heroism, Finesse, Duel


You were on level 3 of the Shoals.
You worshipped Okawaru.
Okawaru was extremely pleased with you.
You visited 6 branches of the dungeon, and saw 29 of its levels.

You collected 2636 gold pieces.
You spent 215 gold pieces at shops.


Innate Abilities, Weirdness & Mutations

You are immune to sickness and miasma.
Your stone body is resilient. (AC +13)
You are immune to poison.
Your large and strong wings let you fly.
You resist negative energy. (rN+)
You are resistant to electric shocks. (rElec)
You are resistant to unholy torment.
You are immune to petrification.


   Skills:
 - Level 15.0(20.0) Fighting
 - Level 16.0(21.0) Axes
 + Level 8.7(13.7) Throwing
 - Level 13.0(18.0) Armour
 - Level 4.0(9.0) Dodging
 - Level 18.5(23.5) Shields
 - Level 10.0 Invocations


You had 17 spell levels left.
You didn't know any spells.
Your spell library was empty.

Inventory:

Hand Weapons
 p - a +6 vampiric war axe (weapon)
 F - a +1 war axe of holy wrath
Missiles
 u - 14 boomerangs
 y - a silver javelin
 M - 5 javelins (quivered)
 N - 3 silver boomerangs
Armour
 a - a +2 tower shield (worn)
 c - a +2 chain mail of fire resistance
 l - the +2 pair of boots of the Barnacle (worn) {rC+ rN+}
   (You found it on level 7 of the Dungeon)

   rC:        It protects you from cold.
   rN:        It protects you from negative energy.
 n - a +2 pair of gloves (worn)
 t - a +1 cloak (worn)
 w - the +1 helmet of Limited Liability (worn) {rC- Str+4}
   (You found it on level 9 of the Dungeon)

   Str:       It affects your strength (+4).
   rC:        It makes you vulnerable to cold.
 C - a +0 helmet
 J - +0 ice dragon scales
 L - the +6 chain mail "Kiluh" (worn) {rCorr}
   (Okawaru gifted it to you on level 2 of the Spider Nest)

   rCorr:     It protects you from acid and corrosion.
Jewellery
 e - the ring "Cifig" {rPois rC+ rN+ Will- Stlth+}
   (You acquired it on level 3 of the Spider Nest)

   [ring of protection from cold]

   rC:        It protects you from cold.
   rPois:     It protects you from poison.
   rN:        It protects you from negative energy.
   Will:      It decreases your willpower.
   Stlth:     It makes you more stealthy.
 f - a ring of see invisible (left hand)
 i - an amulet of regeneration (around neck)
 j - a ring of see invisible
 s - the ring of Ahimuleo (right hand) {Str+6 Stlth+}
   (You found it on level 14 of the Dungeon)

   [ring of strength]

   Str:       It affects your strength (+6).
   Stlth:     It makes you more stealthy.
 z - a ring of ice
 B - a ring of resist corrosion
 D - a ring of ice
 H - a ring of fire
 K - a ring of willpower
 Y - a ring of protection from fire
Scrolls
 b - 18 scrolls of identify
 v - 8 scrolls of teleportation
 x - 2 scrolls of brand weapon
Potions
 d - 6 potions of might
 g - a potion of heal wounds
 h - 5 potions of resistance
 k - 5 potions of haste
 m - 6 potions of lignification
 o - 19 potions of curing
 q - 4 potions of cancellation
 r - 6 potions of attraction
 A - 5 potions of mutation
 E - 3 potions of magic

Dungeon Overview and Level Annotations

Branches:
Dungeon (15/15)            Temple (1/1) D:6            Lair (5/5) D:9
 Shoals (3/4) Lair:3       Spider (3/4) Lair:2        Slime (0/5) Lair:5
    Orc (2/2) D:12            Elf (0/3) Orc:2        Vaults (0/5) D:14
 Depths (0/4) D:15

Altars:
Ashenzari
Cheibriados
Dithmenos
Elyvilon
Fedhas
Gozag
Hepliaklqana
Kikubaaqudgha
Makhleb
Nemelex Xobeh
Okawaru
Qazlal
Ru
Sif Muna
Trog
Uskayaw
Vehumet
Wu Jian
Xom
Yredelemnul
Zin
The Shining One
Jiyva

Shops:
D:15 (   Orc:1 *   Orc:2 ((::   Shoals:1 (:

Annotations:
D:8 1 runed translucent door, qw's ghost, novice GrFi
D:12 2 transporters, Anyutwal's ghost, journeyman HOFi
Shoals:3 Mara


Message History

Qw's illusion is severely damaged.
You slash Mara!
You are engulfed in a cloud of scalding steam.
You block qw's illusion's attack.
You hit qw's illusion but do no damage.
Qw's illusion is severely damaged.
You slash Mara!
You are engulfed in a cloud of scalding steam.
Mara gestures at you. The bolt of fire hits you!!
The merfolk is engulfed in a cloud of scalding steam.
You block the merfolk's attack.
You hit qw's illusion but do no damage.
Qw's illusion is severely damaged.
You slice Mara!!
You are engulfed in a cloud of scalding steam.
You barely miss qw's illusion.
Qw's illusion is severely damaged.
You hit Mara but do no damage.
You are engulfed in a cloud of scalding steam.
Qw's illusion hits you!!
29239 ||| READING 9 scrolls of teleportation.
As you read the scroll of teleportation, it crumbles to dust.
You feel strangely unstable. You block Mara's attack.
The merfolk hits you but does no damage.
Qw's illusion hits you.
29240 ||| DRINKING 2 potions of heal wounds.
You feel much better.
Mara shimmers.
Mara shimmers and seems to become three!
You block the merfolk's attack. You block qw's illusion's attack.
You hit qw's illusion.
Qw's illusion is severely damaged.
You barely miss Mara. You slice Mara!! Mara barely misses you.
Mara splashes around in the water.
You block the merfolk's attack. Mara hits you but does no damage.
Mara gestures at you. The bolt of fire hits you!!!
You die...

~~~~~~~~~~~~~#
~~~~~~~~~~~~~~~#
...~~~~~~~~~~~~~~#
#......¤~~~~~~~~~#
.}...¤~¤~~~~~~~~#
#.....~~~~~~~~~# .
##....~~¤~~~~~~#
..###......m@@R¤~~~#
.......~~...~~R~~~~#
...........~~~R~~~~#
~~.....<.~...~~~~~~#
~....###)....~~~~~~#
m.# #.....~~~~~~~#
...[.~~~~~~~~~#
......~~~~~~~~~~#
.....~~~~~~~~~~~~~#


You could see 3 Maras, a merfolk and qw's illusion.

Vanquished Creatures
  Rupert (D:14)
  A kraken (Shoals:2)
  Kirke (D:14)
  3 emperor scorpions (Spider:3)
  An orc warlord (Orc:2)
  A ghost moth (Spider:3)
  2 broodmothers
  Nessos (Orc:2)
  A spark wasp (Spider:3)
  A dire elephant (Lair:5)
  Josephine (D:11)
  A merfolk javelineer (Shoals:3)
  4 merfolk impalers
  4 entropy weavers
  3 rakshasas (D:15)
  A great orb of eyes (D:15)
  2 merfolk avatars
  6 hydras
  Fannar (Lair:1)
  3 radroaches
  An ogre mage (D:14)
  10 boulder beetles
  9 centaur warriors
  7 two-headed ogres
  A satyr (Shoals:2)
  A catoblepas (Lair:5)
  12 death yaks
  A tengu warrior (D:14)
  A deep troll shaman (Lair:5)
  4 orc high priests (Orc:2)
  Sonja (Orc:1)
  A deep elf knight (D:14)
  A fire crab (Lair:2)
  Lodul (D:14)
  3 pharaoh ants
  Amaemon (Lair:3)
  6 sea snakes
  6 steelbarb worms
  3 orb spiders
  A death drake (shapeshifter) (D:13)
  6 spectral wolf spiders (Spider:2)
  2 wizards
  3 wolf spider zombies (Spider:2)
  4 harpies (Shoals:1)
  Pikel (D:5)
  4 orc knights (Orc:2)
  2 deep elf zephyrmancers (D:14)
  5 fauns (Shoals:2)
  8 cyclopes
  3 deep elf pyromancers
  6 ugly things
  22 wolf spiders
  14 elephants
  8 orc sorcerers (Orc:2)
  Maurice (Orc:2)
  A merfolk siren (Shoals:3)
  9 manticores
  2 water nymphs
  A gargoyle (D:13)
  3 torpor snails
  An orange demon (Lair:3)
  Maggie (Lair:1)
  2 black mambas
  A kobold demonologist (D:10)
  8 komodo dragons
  6 demonic crawlers
  3 unseen horrors
  9 cane toads
  5 rime drakes
  A rime drake (shapeshifter) (D:15)
  3 yaktaurs (D:14)
  3 meliai (Spider:2)
  A polar bear (Lair:5)
  4 tyrant leeches (Spider:3)
  5 wolf spider simulacra (Spider:2)
  18 merfolk
  A hornet (D:9)
  8 trolls
  4 wind drakes
  28 tarantellas
  A blink frog (Lair:2)
  21 slime creatures
  11 dream sheep
  6 snapping turtles
  33 jumping spiders
  9 wraiths
  16 culicivoras
  6 wyverns
  A shadow (D:11)
  7 hogs (D:14)
  16 vampire mosquitoes
  3 basilisks
  2 steam dragons
  14 yaks
  60 redbacks
  An acid dragon (D:11)
  13 water moccasins
  8 wargs
  3 sky beasts
  2 black bears
  41 orc warriors
  22 ogres
  7 boggarts (D:15)
  16 wolves
  29 centaurs
  4 lemures (D:5)
  8 kobold brigands
  2 gnoll sergeants
  A scorpion (D:4)
  10 bullfrogs
  2 necrophages
  7 wights
  12 killer bees
  3 electric eels
  3 howler monkeys (D:9)
  7 hounds
  3 jellies
  2 gnoll boudas
  27 orc priests
  11 iguanas
  Terence (D:3)
  26 orc wizards
  Natasha (thrice) (D:2)
  10 gnolls
  8 adders
  An ufetubus (D:6)
  A worm (D:2)
  3 dart slugs
  98 orcs
  9 ball pythons
  7 endoplasms
  6 giant cockroaches
  6 hobgoblins
  6 jackals
  3 quokkas
  3 training dummies (Shoals:1)
  4 bats
  5 frilled lizards (D:1)
  7 goblins
  48 kobolds
  2 rats
  2 tentacles (Shoals:2)
1036 creatures vanquished.

Vanquished Creatures (others)
  A manticore (D:12)
  A vampire (D:12)
  2 orc priests (Orc:2)
  13 bushes (D:14)
  17 fungi
  46 plants
  2 tentacles (Shoals:2)
82 creatures vanquished.

Grand Total: 1118 creatures vanquished

Notes
Turn   | Place    | Note
-------+----------+-------------------------------------------
     0 | D:1      | qw the Gargoyle Fighter began the quest for the Orb.
     0 | D:1      | Reached XP level 1. HP: 14/14 MP: 1/1
     0 | D:1      | 0 ||| qw: Version: 0.2-a-17-g06abaee
     0 | D:1      | 0 ||| qw: Game counter: 2195
     0 | D:1      | 0 ||| qw: Always use a shield: true
     0 | D:1      | 0 ||| qw: God list: Okawaru
     0 | D:1      | 0 ||| qw: Allow faded altars: false
     0 | D:1      | 0 ||| qw: Do Orc after D:15 true
     0 | D:1      | 0 ||| qw: Do second Lair branch before Depths: true
     0 | D:1      | 0 ||| qw: Lair rune preference: random
     0 | D:1      | 0 ||| qw: Plans: Normal, Zot:1-4, God:TSO, Crypt, Tomb,
                  | Pan, Slime:5, Hells, Abyss, Orb
     0 | D:1      | 0 ||| PLANNING D:1-11
   110 | D:1      | Reached XP level 2. HP: 18/19 MP: 2/2
   383 | D:1      | Reached skill level 3 in Axes
   412 | D:1      | 412 ||| Stepping ~*~*~tactically~*~*~ (stealth).
   420 | D:1      | Reached XP level 3. HP: 21/23 MP: 3/3
   424 | D:1      | 424 ||| Stepping ~*~*~tactically~*~*~ (stealth).
   425 | D:1      | 425 ||| Stepping ~*~*~tactically~*~*~ (stealth).
   434 | D:1      | 434 ||| Stepping ~*~*~tactically~*~*~ (stealth).
   546 | D:1      | Found a faded altar of an unknown god.
   857 | D:1      | 857 ||| UPGRADING to +0 pair of boots.
   862 | D:1      | 862 ||| READING scroll labelled UPEIHU MOMEW.
   863 | D:1      | 863 ||| READING scroll labelled BUTIFO MUINKU.
  1105 | D:2      | 1105 ||| READING scroll of enchant weapon.
  1105 | D:2      | 1105 ||| ENCHANTING +1 war axe.
  1227 | D:2      | 1227 ||| Stepping ~*~*~tactically~*~*~ (stealth).
  1251 | D:2      | Reached XP level 4. HP: 28/28 MP: 4/4
  1391 | D:2      | You fall into a shaft and drop 1 floor!
  1391 | D:3      | Found a stormy altar of Qazlal.
  1392 | D:3      | Found a faded altar of an unknown god.
  1398 | D:3      | 1398 ||| UPGRADING to +2 tower shield.
  1408 | D:3      | 1408 ||| DROPPING +0 buckler.
  1409 | D:3      | 1409 ||| DROPPING +2 leather armour of poison resistance.
  1410 | D:3      | 1410 ||| UPGRADING to amulet of regeneration.
  1415 | D:3      | 1415 ||| UPGRADING to ring of willpower.
  1416 | D:3      | 1416 ||| READING scroll labelled OHAEPRIGUO.
  1417 | D:3      | 1417 ||| READING scroll labelled LYKHLO KEBOXT.
  1459 | D:4      | 1459 ||| READING scroll labelled BUAPSU DIUTHO.
  1465 | D:4      | 1465 ||| STAIRDANCE
  1469 | D:4      | 1469 ||| STAIRDANCE
  1473 | D:4      | 1473 ||| STAIRDANCE
  1477 | D:4      | 1477 ||| STAIRDANCE
  1481 | D:4      | 1481 ||| STAIRDANCE
  1485 | D:4      | 1485 ||| STAIRDANCE
  1489 | D:4      | 1489 ||| STAIRDANCE
  1493 | D:4      | 1493 ||| STAIRDANCE
  1497 | D:4      | 1497 ||| STAIRDANCE
  1501 | D:4      | 1501 ||| STAIRDANCE
  1505 | D:4      | 1505 ||| STAIRDANCE
  1509 | D:4      | 1509 ||| STAIRDANCE
  1513 | D:4      | 1513 ||| STAIRDANCE
  1517 | D:4      | 1517 ||| STAIRDANCE
  1521 | D:4      | 1521 ||| STAIRDANCE
  1525 | D:4      | 1525 ||| STAIRDANCE
  1529 | D:4      | 1529 ||| STAIRDANCE
  1533 | D:4      | 1533 ||| STAIRDANCE
  1537 | D:4      | 1537 ||| STAIRDANCE
  1541 | D:4      | 1541 ||| STAIRDANCE
  1552 | D:4      | 1552 ||| FLEEEEING.
  1553 | D:4      | 1553 ||| FLEEEEING.
  1558 | D:4      | 1558 ||| FLEEEEING.
  1597 | D:3      | 1597 ||| UPGRADING to +2 chain mail of fire resistance.
  1607 | D:3      | 1607 ||| DROPPING +0 scale mail.
  1609 | D:3      | 1609 ||| Stepping randomly (stuck).
  1764 | D:3      | 1764 ||| READING scroll labelled UHYADDA URINAR.
  1831 | D:2      | Noticed Natasha
  1832 | D:2      | 1832 ||| FLEEEEING.
  1833 | D:2      | 1833 ||| FLEEEEING.
  1834 | D:2      | 1834 ||| FLEEEEING.
  1835 | D:2      | 1835 ||| FLEEEEING.
  1836 | D:2      | 1836 ||| FLEEEEING.
  1837 | D:2      | 1837 ||| FLEEEEING.
  1838 | D:2      | 1838 ||| Stepping ~*~*~tactically~*~*~ (hiding).
  1845 | D:2      | Killed Natasha
  1846 | D:2      | Reached skill level 4 in Shields
  1846 | D:2      | Reached XP level 5. HP: 31/32 MP: 5/5
  1942 | D:2      | Noticed Natasha
  1953 | D:2      | Killed Natasha
  2104 | D:2      | Noticed Natasha
  2111 | D:2      | Killed Natasha
  2112 | D:2      | Reached skill level 5 in Shields
  2198 | D:3      | 2198 ||| Stepping ~*~*~tactically~*~*~ (stealth).
  2205 | D:3      | Noticed Terence
  2216 | D:3      | Killed Terence
  2224 | D:3      | Reached XP level 6. HP: 22/37 MP: 6/6
  2335 | D:3      | 2335 ||| READING scroll labelled ENOYJOKKEZ.
  2406 | D:3      | 2406 ||| Stepping randomly (stuck).
  2407 | D:3      | 2407 ||| Stepping randomly (stuck).
  2411 | D:3      | 2411 ||| Stepping randomly (stuck).
  2412 | D:3      | 2412 ||| Stepping randomly (stuck).
  2414 | D:3      | 2414 ||| Stepping randomly (stuck).
  2415 | D:3      | 2415 ||| Stepping randomly (stuck).
  2418 | D:3      | 2418 ||| Stepping randomly (stuck).
  2420 | D:3      | 2420 ||| Stepping randomly (stuck).
  2427 | D:3      | 2427 ||| Stepping randomly (stuck).
  2428 | D:3      | 2428 ||| Stepping randomly (stuck).
  2429 | D:3      | 2429 ||| Stepping ~*~*~tactically~*~*~ (stealth).
  2667 | D:4      | Reached skill level 6 in Shields
  2810 | D:4      | Reached skill level 7 in Shields
  2855 | D:4      | 2855 ||| Stepping ~*~*~tactically~*~*~ (stealth).
  2876 | D:4      | 2876 ||| Stepping ~*~*~tactically~*~*~ (stealth).
  2931 | D:4      | Reached XP level 7. HP: 41/41 MP: 7/7
  3139 | D:4      | 3139 ||| Stepping ~*~*~tactically~*~*~ (stealth).
  3284 | D:4      | Found a shimmering altar of Xom.
  3286 | D:4      | Found an opulent altar of Gozag.
  3289 | D:4      | Found a glowing silver altar of Zin.
  3367 | D:4      | 3367 ||| UPGRADING to +0 cloak.
  3372 | D:4      | 3372 ||| READING scroll labelled GYDOF NUGI.
  3373 | D:4      | 3373 ||| READING scroll labelled HERGHY DELIOTACH.
  3374 | D:4      | 3374 ||| READING 2 scrolls labelled DEETSA SAXO.
  3375 | D:4      | 3375 ||| READING 2 scrolls labelled CAISYSE UTUFU.
  3376 | D:4      | 3376 ||| DRINKING 3 grey potions.
  3377 | D:4      | 3377 ||| DRINKING 4 murky red potions.
  3378 | D:4      | 3378 ||| READING 2 scrolls of identify.
  3378 | D:4      | 3378 ||| IDENTIFYING bubbling white potion
  3379 | D:4      | 3379 ||| DROPPING scroll of immolation.
  3380 | D:4      | 3380 ||| DROPPING scroll of noise.
  3399 | D:5      | Entered Level 5 of the Dungeon
  3512 | D:5      | 3512 ||| DROPPING +0 flail.
  3598 | D:5      | Reached skill level 8 in Shields
  3931 | D:5      | Noticed Pikel
  3933 | D:5      | 3933 ||| Stepping ~*~*~tactically~*~*~ (stealth).
  3934 | D:5      | 3934 ||| Stepping ~*~*~tactically~*~*~ (stealth).
  3937 | D:5      | 3937 ||| Stepping ~*~*~tactically~*~*~ (stealth).
  3968 | D:5      | Killed Pikel
  3969 | D:5      | Reached skill level 9 in Shields
  3969 | D:5      | Reached XP level 8. HP: 46/46 MP: 8/8
  4216 | D:5      | Reached skill level 6 in Axes
  4233 | D:5      | Reached skill level 10 in Shields
  4239 | D:5      | Reached skill level 1 in Dodging
  4239 | D:5      | Reached XP level 9. HP: 52/52 MP: 9/9
  4244 | D:5      | 4244 ||| Stepping ~*~*~tactically~*~*~ (hiding).
  4353 | D:5      | 4353 ||| Stepping ~*~*~tactically~*~*~ (stealth).
  4355 | D:5      | 4355 ||| Stepping ~*~*~tactically~*~*~ (stealth).
  4356 | D:5      | 4356 ||| Stepping ~*~*~tactically~*~*~ (stealth).
  4365 | D:5      | 4365 ||| Stepping ~*~*~tactically~*~*~ (stealth).
  4404 | D:5      | 4404 ||| Stepping ~*~*~tactically~*~*~ (stealth).
  4405 | D:5      | 4405 ||| Stepping ~*~*~tactically~*~*~ (stealth).
  4530 | D:5      | 4530 ||| DROPPING +6 ring of intelligence.
  4531 | D:5      | 4531 ||| UPGRADING to ring of protection from fire.
  4532 | D:5      | 4532 ||| READING scroll labelled LICAEPLOES.
  4533 | D:5      | 4533 ||| READING 2 scrolls of identify.
  4533 | D:5      | 4533 ||| IDENTIFYING fuming silvery potion
  4600 | D:6      | Found a staircase to the Ecumenical Temple.
  4601 | D:6      | 4601 ||| PLANNING TEMPLE
  4601 | D:6      | 4601 ||| UPGRADING to +0 pair of gloves.
  4613 | D:6      | 4613 ||| Stepping ~*~*~tactically~*~*~ (water).
  4641 | D:6      | Reached skill level 1 in Throwing
  4642 | D:6      | 4642 ||| Stepping ~*~*~tactically~*~*~ (water).
  4670 | Temple   | Entered the Ecumenical Temple
  4743 | Temple   | 4743 ||| PLANNING OKAWARU WORSHIP
  4826 | Temple   | Became a worshipper of Warmaster Okawaru
  4827 | Temple   | 4827 ||| PLANNING D:1-11
  4985 | D:6      | 4985 ||| Stepping ~*~*~tactically~*~*~ (stealth).
  5294 | D:6      | 5294 ||| Stepping ~*~*~tactically~*~*~ (stealth).
  5401 | D:6      | 5401 ||| Stepping ~*~*~tactically~*~*~ (stealth).
  5403 | D:6      | 5403 ||| Stepping ~*~*~tactically~*~*~ (hiding).
  5511 | D:6      | Found a sparkling altar of Nemelex Xobeh.
  5598 | D:6      | 5598 ||| DRINKING 3 murky puce potions.
  5639 | D:6      | 5639 ||| READING 2 scrolls of identify.
  5639 | D:6      | 5639 ||| IDENTIFYING viscous emerald potion
  5640 | D:6      | 5640 ||| DROPPING potion of degeneration.
  5940 | D:7      | Reached * piety under Okawaru
  5941 | D:7      | 5941 ||| INVOKING Heroism.
  6114 | D:7      | Reached skill level 11 in Shields
  6114 | D:7      | Reached skill level 1 in Invocations
  6114 | D:7      | Reached XP level 10. HP: 59/59 MP: 10/10
  6263 | D:7      | 6263 ||| Stepping ~*~*~tactically~*~*~ (stealth).
  6264 | D:7      | 6264 ||| Stepping ~*~*~tactically~*~*~ (stealth).
  6343 | D:7      | Found a white marble altar of Elyvilon.
  6347 | D:7      | 6347 ||| Stepping ~*~*~tactically~*~*~ (stealth).
  6465 | D:7      | Identified the +2 pair of boots of the Barnacle {rC+ rN+}
  6542 | D:7      | 6542 ||| UPGRADING to +2 pair of boots of the Barnacle {rC+
                  | rN+}.
  6552 | D:7      | 6552 ||| DROPPING +0 pair of boots.
  6634 | D:8      | Reached skill level 6 in Fighting
  6661 | D:8      | 6661 ||| Stepping ~*~*~tactically~*~*~ (stealth).
  6662 | D:8      | 6662 ||| Stepping ~*~*~tactically~*~*~ (stealth).
  6670 | D:8      | 6670 ||| INVOKING Heroism.
  6671 | D:8      | 6671 ||| INVOKING Heroism.
  6686 | D:8      | 6686 ||| INVOKING Heroism.
  6691 | D:8      | 6691 ||| Stepping ~*~*~tactically~*~*~ (stealth).
  6702 | D:8      | 6702 ||| Stepping ~*~*~tactically~*~*~ (stealth).
  6707 | D:8      | 6707 ||| Stepping ~*~*~tactically~*~*~ (stealth).
  6755 | D:8      | Reached skill level 3 in Invocations
  6802 | D:8      | 6802 ||| INVOKING Heroism.
  7037 | D:8      | Found a runed translucent door.
  7037 | D:8      | Noticed qw's ghost (novice GrFi)
  7059 | D:8      | 7059 ||| Stepping ~*~*~tactically~*~*~ (hiding).
  7064 | D:8      | 7064 ||| INVOKING Heroism.
  7204 | D:8      | 7204 ||| INVOKING Heroism.
  7206 | D:8      | 7206 ||| Stepping ~*~*~tactically~*~*~ (stealth).
  7207 | D:8      | 7207 ||| Stepping ~*~*~tactically~*~*~ (stealth).
  7291 | D:8      | 7291 ||| Stepping ~*~*~tactically~*~*~ (stealth).
  7293 | D:8      | 7293 ||| Stepping ~*~*~tactically~*~*~ (stealth).
  7319 | D:8      | 7319 ||| Stepping ~*~*~tactically~*~*~ (stealth).
  7321 | D:8      | 7321 ||| Stepping ~*~*~tactically~*~*~ (stealth).
  7330 | D:8      | 7330 ||| INVOKING Heroism.
  7332 | D:8      | 7332 ||| Stepping ~*~*~tactically~*~*~ (stealth).
  7336 | D:8      | 7336 ||| Stepping ~*~*~tactically~*~*~ (stealth).
  7337 | D:8      | 7337 ||| Stepping ~*~*~tactically~*~*~ (stealth).
  7338 | D:8      | 7338 ||| Stepping ~*~*~tactically~*~*~ (stealth).
  7936 | D:8      | 7936 ||| UPGRADING to +0 plate armour.
  7946 | D:8      | 7946 ||| DRINKING 2 fuming ruby potions.
  7947 | D:8      | 7947 ||| DRINKING 2 glowing yellow potions.
  8052 | D:8      | 8052 ||| READING 2 scrolls of identify.
  8052 | D:8      | 8052 ||| IDENTIFYING silvery potion
  8053 | D:8      | 8053 ||| DROPPING potion of berserk rage.
  8090 | D:9      | 8090 ||| INVOKING Heroism.
  8261 | D:9      | Identified the +1 helmet of Limited Liability {rC- Str+4}
  8267 | D:9      | 8267 ||| Stepping ~*~*~tactically~*~*~ (stealth).
  8275 | D:9      | 8275 ||| INVOKING Heroism.
  8297 | D:9      | 8297 ||| READING scroll of enchant weapon.
  8297 | D:9      | 8297 ||| ENCHANTING +2 vampiric war axe.
  8385 | D:9      | Reached ** piety under Okawaru
  8425 | D:9      | 8425 ||| INVOKING Heroism.
  8438 | D:9      | Reached skill level 6 in Armour
  8464 | D:9      | Reached skill level 9 in Axes
  8478 | D:9      | Found a staircase to the Lair.
  8644 | D:9      | 8644 ||| PLANNING LAIR
  8644 | D:9      | 8644 ||| UPGRADING to +1 helmet of Limited Liability {rC-
                  | Str+4}.
  8649 | D:9      | 8649 ||| READING 2 scrolls of identify.
  8649 | D:9      | 8649 ||| IDENTIFYING smoky pink potion
  8650 | D:9      | 8650 ||| DROPPING potion of brilliance.
  8708 | Lair:1   | Entered Level 1 of the Lair of Beasts
  8780 | Lair:1   | 8780 ||| INVOKING Heroism.
  8847 | Lair:1   | Noticed Maggie
  8871 | Lair:1   | Killed Maggie
  8941 | Lair:1   | Noticed a death yak
  8941 | Lair:1   | Noticed a death yak
  8942 | Lair:1   | 8942 ||| INVOKING Heroism.
  8944 | Lair:1   | Noticed a death yak
  8945 | Lair:1   | 8945 ||| Stepping ~*~*~tactically~*~*~ (stealth).
  8948 | Lair:1   | 8948 ||| Stepping ~*~*~tactically~*~*~ (stealth).
  8953 | Lair:1   | Noticed a death yak
  8955 | Lair:1   | Killed a death yak
  8956 | Lair:1   | Reached skill level 12 in Shields
  8956 | Lair:1   | Reached XP level 11. HP: 64/64 MP: 12/14
  8963 | Lair:1   | 8963 ||| INVOKING Heroism.
  8967 | Lair:1   | HP: 11/64 [death yak (6)]
  8968 | Lair:1   | 8968 ||| READING 2 scrolls of teleportation.
  8969 | Lair:1   | 8969 ||| DRINKING 4 potions of heal wounds.
  8971 | Lair:1   | Noticed Fannar
  8972 | Lair:1   | 8972 ||| Stepping ~*~*~tactically~*~*~ (hiding).
  8978 | Lair:1   | 8978 ||| INVOKING Heroism.
  8989 | Lair:1   | Killed Fannar
  8989 | Lair:1   | Reached *** piety under Okawaru
  9005 | Lair:1   | 9005 ||| INVOKING Heroism.
  9008 | Lair:1   | 9008 ||| Stepping ~*~*~tactically~*~*~ (stealth).
  9011 | Lair:1   | Killed a death yak
  9015 | Lair:1   | Killed a death yak
  9022 | Lair:1   | Killed a death yak
  9022 | Lair:1   | Reached **** piety under Okawaru
  9485 | Lair:1   | Noticed an oklob plant
  9486 | Lair:1   | 9486 ||| INVOKING Heroism.
  9507 | Lair:1   | 9507 ||| READING scroll labelled ODGHYU ANOLOPOR.
  9508 | Lair:1   | 9508 ||| INVOKING Heroism.
  9522 | Lair:1   | 9522 ||| READING 2 scrolls of identify.
  9522 | Lair:1   | 9522 ||| IDENTIFYING pink potion
  9572 | Lair:2   | 9572 ||| Stepping ~*~*~tactically~*~*~ (stealth).
  9573 | Lair:2   | 9573 ||| INVOKING Heroism.
  9683 | Lair:2   | 9683 ||| INVOKING Heroism.
  9761 | Lair:2   | 9761 ||| INVOKING Heroism.
  9814 | Lair:2   | 9814 ||| INVOKING Heroism.
  9880 | Lair:2   | 9880 ||| INVOKING Heroism.
  9911 | Lair:2   | 9911 ||| INVOKING Heroism.
  9939 | Lair:2   | 9939 ||| INVOKING Heroism.
 10015 | Lair:2   | 10015 ||| Stepping ~*~*~tactically~*~*~ (stealth).
 10023 | Lair:2   | 10023 ||| INVOKING Heroism.
 10032 | Lair:2   | Received a gift from Okawaru
 10085 | Lair:2   | 10085 ||| INVOKING Heroism.
 10236 | Lair:2   | Reached skill level 6 in Invocations
 10350 | Lair:2   | 10350 ||| INVOKING Heroism.
 10356 | Lair:2   | Reached XP level 12. HP: 72/72 MP: 13/16
 10465 | Lair:2   | Reached skill level 13 in Shields
 10496 | Lair:2   | 10496 ||| Stepping ~*~*~tactically~*~*~ (hiding).
 10510 | Lair:2   | 10510 ||| INVOKING Heroism.
 10564 | Lair:2   | 10564 ||| INVOKING Heroism.
 10612 | Lair:2   | Noticed a four-headed hydra
 10613 | Lair:2   | 10613 ||| INVOKING Heroism.
 10614 | Lair:2   | 10614 ||| SWAPPING to +1 vorpal flail.
 10615 | Lair:2   | 10615 ||| Stepping ~*~*~tactically~*~*~ (outnumbered).
 10617 | Lair:2   | 10617 ||| SWAPPING to +3 vampiric war axe.
 10619 | Lair:2   | 10619 ||| SWAPPING to +1 vorpal flail.
 10620 | Lair:2   | 10620 ||| SWAPPING to +3 vampiric war axe.
 10622 | Lair:2   | 10622 ||| SWAPPING to +1 vorpal flail.
 10624 | Lair:2   | 10624 ||| SWAPPING to +3 vampiric war axe.
 10625 | Lair:2   | 10625 ||| SWAPPING to +1 vorpal flail.
 10627 | Lair:2   | 10627 ||| SWAPPING to +3 vampiric war axe.
 10628 | Lair:2   | 10628 ||| SWAPPING to +1 vorpal flail.
 10630 | Lair:2   | 10630 ||| SWAPPING to +3 vampiric war axe.
 10631 | Lair:2   | 10631 ||| SWAPPING to +1 vorpal flail.
 10633 | Lair:2   | 10633 ||| SWAPPING to +3 vampiric war axe.
 10634 | Lair:2   | 10634 ||| SWAPPING to +1 vorpal flail.
 10641 | Lair:2   | Killed a four-headed hydra
 10641 | Lair:2   | Reached ***** piety under Okawaru
 10642 | Lair:2   | 10642 ||| SWAPPING to +3 vampiric war axe.
 10663 | Lair:2   | Identified the +11 whip of Abuse {flame, rPois rCorr Str+5
                  | Int-5}
 10665 | Lair:2   | 10665 ||| DROPPING +1 vorpal flail.
 10750 | Lair:2   | Found a hole to the Spider Nest.
 10752 | Lair:2   | 10752 ||| INVOKING Heroism.
 10813 | Lair:2   | 10813 ||| Stepping ~*~*~tactically~*~*~ (stealth).
 10814 | Lair:2   | 10814 ||| Stepping ~*~*~tactically~*~*~ (stealth).
 10818 | Lair:2   | Received a gift from Okawaru
 10822 | Lair:2   | 10822 ||| Stepping ~*~*~tactically~*~*~ (stealth).
 11018 | Lair:2   | 11018 ||| READING scroll labelled RAM YRGHOFUOHO.
 11019 | Lair:2   | 11019 ||| DRINKING 2 murky orange potions.
 11020 | Lair:2   | 11020 ||| READING 2 scrolls of identify.
 11020 | Lair:2   | 11020 ||| IDENTIFYING lumpy inky potion
 11021 | Lair:2   | 11021 ||| DROPPING potion of flight.
 11065 | Lair:3   | 11065 ||| INVOKING Heroism.
 11091 | Lair:3   | Noticed a four-headed hydra
 11092 | Lair:3   | 11092 ||| INVOKING Heroism.
 11093 | Lair:3   | 11093 ||| INVOKING Finesse.
 11097 | Lair:3   | 11097 ||| SWAPPING to +11 whip of Abuse {flame, rPois rCorr
                  | Str+5 Int-5}.
 11108 | Lair:3   | Killed a four-headed hydra
 11109 | Lair:3   | 11109 ||| SWAPPING to +3 vampiric war axe.
 11264 | Lair:3   | Found a staircase to the Shoals.
 11282 | Lair:3   | Reached skill level 3 in Throwing
 11320 | Lair:3   | 11320 ||| Stepping ~*~*~tactically~*~*~ (stealth).
 11322 | Lair:3   | 11322 ||| Stepping ~*~*~tactically~*~*~ (stealth).
 11323 | Lair:3   | 11323 ||| INVOKING Heroism.
 11339 | Lair:3   | 11339 ||| Stepping ~*~*~tactically~*~*~ (stealth).
 11348 | Lair:3   | Reached skill level 9 in Invocations
 11365 | Lair:3   | 11365 ||| INVOKING Heroism.
 11405 | Lair:3   | 11405 ||| INVOKING Heroism.
 11425 | Lair:3   | Received a gift from Okawaru
 11438 | Lair:3   | 11438 ||| READING scroll of enchant weapon.
 11438 | Lair:3   | 11438 ||| ENCHANTING +3 vampiric war axe.
 11550 | Lair:3   | 11550 ||| INVOKING Heroism.
 11716 | Lair:3   | Noticed Amaemon
 11717 | Lair:3   | 11717 ||| INVOKING Heroism.
 11736 | Lair:3   | Reached XP level 13. HP: 78/78 MP: 20/20
 11752 | Lair:3   | Killed Amaemon
 12055 | Lair:3   | Reached skill level 9 in Fighting
 12180 | Lair:3   | 12180 ||| DROPPING scarf of shadows.
 12181 | Lair:3   | 12181 ||| READING scroll labelled UKI GANNEUDISI.
 12182 | Lair:3   | 12182 ||| READING 3 scrolls of identify.
 12182 | Lair:3   | 12182 ||| IDENTIFYING inky potion
 12183 | Lair:3   | 12183 ||| DROPPING potion of invisibility.
 12389 | Lair:4   | 12389 ||| INVOKING Heroism.
 12585 | Lair:4   | 12585 ||| Stepping ~*~*~tactically~*~*~ (hiding).
 12684 | Lair:4   | 12684 ||| INVOKING Heroism.
 12707 | Lair:4   | 12707 ||| FLEEEEING.
 12708 | Lair:4   | 12708 ||| FLEEEEING.
 12743 | Lair:4   | 12743 ||| INVOKING Heroism.
 12778 | Lair:4   | 12778 ||| FLEEEEING.
 12779 | Lair:4   | 12779 ||| FLEEEEING.
 12780 | Lair:4   | 12780 ||| FLEEEEING.
 12835 | Lair:4   | 12835 ||| INVOKING Heroism.
 12878 | Lair:4   | 12878 ||| INVOKING Heroism.
 12900 | Lair:4   | 12900 ||| FLEEEEING.
 12901 | Lair:4   | 12901 ||| FLEEEEING.
 12909 | Lair:4   | 12909 ||| FLEEEEING.
 12910 | Lair:4   | 12910 ||| FLEEEEING.
 12911 | Lair:4   | 12911 ||| FLEEEEING.
 12912 | Lair:4   | 12912 ||| FLEEEEING.
 13032 | Lair:4   | 13032 ||| FLEEEEING.
 13033 | Lair:4   | 13033 ||| FLEEEEING.
 13034 | Lair:4   | 13034 ||| FLEEEEING.
 13035 | Lair:4   | 13035 ||| FLEEEEING.
 13037 | Lair:4   | 13037 ||| FLEEEEING.
 13039 | Lair:4   | 13039 ||| FLEEEEING.
 13040 | Lair:4   | 13040 ||| FLEEEEING.
 13042 | Lair:4   | 13042 ||| FLEEEEING.
 13043 | Lair:4   | 13043 ||| FLEEEEING.
 13044 | Lair:4   | 13044 ||| FLEEEEING.
 13045 | Lair:4   | 13045 ||| FLEEEEING.
 13054 | Lair:4   | 13054 ||| INVOKING Heroism.
 13089 | Lair:4   | 13089 ||| FLEEEEING.
 13091 | Lair:4   | 13091 ||| FLEEEEING.
 13092 | Lair:4   | 13092 ||| FLEEEEING.
 13163 | Lair:4   | 13163 ||| INVOKING Heroism.
 13179 | Lair:4   | 13179 ||| FLEEEEING.
 13180 | Lair:4   | 13180 ||| FLEEEEING.
 13181 | Lair:4   | 13181 ||| FLEEEEING.
 13238 | Lair:4   | 13238 ||| INVOKING Heroism.
 13254 | Lair:4   | 13254 ||| FLEEEEING.
 13255 | Lair:4   | 13255 ||| FLEEEEING.
 13258 | Lair:4   | 13258 ||| FLEEEEING.
 13259 | Lair:4   | 13259 ||| FLEEEEING.
 13260 | Lair:4   | 13260 ||| FLEEEEING.
 13318 | Lair:4   | 13318 ||| INVOKING Heroism.
 13337 | Lair:4   | 13337 ||| FLEEEEING.
 13338 | Lair:4   | 13338 ||| FLEEEEING.
 13339 | Lair:4   | 13339 ||| FLEEEEING.
 13340 | Lair:4   | 13340 ||| FLEEEEING.
 13341 | Lair:4   | 13341 ||| FLEEEEING.
 13342 | Lair:4   | 13342 ||| FLEEEEING.
 13343 | Lair:4   | 13343 ||| FLEEEEING.
 13404 | Lair:4   | 13404 ||| FLEEEEING.
 13405 | Lair:4   | 13405 ||| FLEEEEING.
 13406 | Lair:4   | 13406 ||| FLEEEEING.
 13407 | Lair:4   | 13407 ||| FLEEEEING.
 13421 | Lair:4   | 13421 ||| INVOKING Heroism.
 13474 | Lair:5   | Entered Level 5 of the Lair of Beasts
 13476 | Lair:5   | 13476 ||| INVOKING Heroism.
 13477 | Lair:5   | 13477 ||| INVOKING Finesse.
 13478 | Lair:5   | 13478 ||| STAIRDANCE
 13522 | Lair:5   | 13522 ||| STAIRDANCE
 13524 | Lair:4   | 13524 ||| INVOKING Heroism.
 13525 | Lair:4   | 13525 ||| SWAPPING to +0 demon whip of venom.
 13526 | Lair:4   | 13526 ||| Stepping ~*~*~tactically~*~*~ (outnumbered).
 13530 | Lair:4   | 13530 ||| Stepping ~*~*~tactically~*~*~ (outnumbered).
 13531 | Lair:4   | 13531 ||| Stepping ~*~*~tactically~*~*~ (outnumbered).
 13532 | Lair:4   | 13532 ||| Stepping ~*~*~tactically~*~*~ (outnumbered).
 13539 | Lair:4   | 13539 ||| Stepping ~*~*~tactically~*~*~ (outnumbered).
 13539 | Lair:4   | HP: 18/80 [death yak (10)]
 13540 | Lair:4   | 13540 ||| READING 5 scrolls of teleportation.
 13541 | Lair:4   | 13541 ||| DRINKING 3 potions of heal wounds.
 13542 | Lair:4   | 13542 ||| Stepping ~*~*~tactically~*~*~ (outnumbered).
 13543 | Lair:4   | 13543 ||| Stepping ~*~*~tactically~*~*~ (outnumbered).
 13544 | Lair:4   | 13544 ||| Stepping ~*~*~tactically~*~*~ (outnumbered).
 13545 | Lair:4   | 13545 ||| SWAPPING to +4 vampiric war axe.
 13582 | Lair:4   | 13582 ||| INVOKING Heroism.
 13583 | Lair:4   | 13583 ||| SWAPPING to +0 demon whip of venom.
 13600 | Lair:4   | Reached skill level 14 in Shields
 13600 | Lair:4   | 13600 ||| SWAPPING to +4 vampiric war axe.
 13674 | Lair:5   | 13674 ||| STAIRDANCE
 13680 | Lair:5   | 13680 ||| STAIRDANCE
 13700 | Lair:5   | 13700 ||| STAIRDANCE
 13720 | Lair:4   | 13720 ||| INVOKING Heroism.
 13763 | Lair:4   | 13763 ||| FLEEEEING.
 13764 | Lair:4   | 13764 ||| FLEEEEING.
 13765 | Lair:4   | 13765 ||| FLEEEEING.
 13766 | Lair:4   | 13766 ||| FLEEEEING.
 13776 | Lair:4   | 13776 ||| STAIRDANCE
 13811 | Lair:5   | 13811 ||| STAIRDANCE
 13813 | Lair:4   | 13813 ||| INVOKING Heroism.
 13828 | Lair:4   | Reached skill level 9 in Armour
 13840 | Lair:5   | 13840 ||| STAIRDANCE
 13842 | Lair:4   | 13842 ||| INVOKING Heroism.
 13887 | Lair:5   | 13887 ||| SWAPPING to +0 demon whip of venom.
 13888 | Lair:5   | 13888 ||| INVOKING Heroism.
 13899 | Lair:5   | 13899 ||| SWAPPING to +4 vampiric war axe.
 13920 | Lair:5   | 13920 ||| READING scroll of enchant armour.
 13920 | Lair:5   | 13920 ||| ENCHANTING +0 pair of gloves.
 14080 | Lair:5   | 14080 ||| INVOKING Heroism.
 14155 | Lair:5   | 14155 ||| Stepping ~*~*~tactically~*~*~ (stealth).
 14165 | Lair:5   | 14165 ||| Stepping ~*~*~tactically~*~*~ (stealth).
 14169 | Lair:5   | 14169 ||| Stepping ~*~*~tactically~*~*~ (stealth).
 14226 | Lair:5   | 14226 ||| INVOKING Heroism.
 14238 | Lair:5   | 14238 ||| Stepping ~*~*~tactically~*~*~ (stealth).
 14249 | Lair:5   | Reached skill level 12 in Axes
 14249 | Lair:5   | 14249 ||| INVOKING Finesse.
 14297 | Lair:5   | Noticed a dire elephant
 14298 | Lair:5   | 14298 ||| INVOKING Heroism.
 14314 | Lair:5   | Killed a dire elephant
 14321 | Lair:5   | 14321 ||| INVOKING Finesse.
 14380 | Lair:5   | 14380 ||| READING scroll of enchant armour.
 14380 | Lair:5   | 14380 ||| ENCHANTING +1 pair of gloves.
 14495 | Lair:5   | 14495 ||| INVOKING Heroism.
 14552 | Lair:5   | 14552 ||| INVOKING Heroism.
 14553 | Lair:5   | 14553 ||| SWAPPING to +0 demon whip of venom.
 14554 | Lair:5   | 14554 ||| INVOKING Finesse.
 14562 | Lair:5   | Gained mutation: Your large and strong wings let you fly.
                  | [Gargoyle growth]
 14562 | Lair:5   | Reached XP level 14. HP: 88/88 MP: 13/21
 14562 | Lair:5   | 14562 ||| SWAPPING to +4 vampiric war axe.
 14730 | Lair:5   | Found a viscous altar of Jiyva.
 14730 | Lair:5   | Found a staircase to the Slime Pits.
 14890 | Lair:5   | 14890 ||| PLANNING D:1-11
 15006 | D:10     | Entered Level 10 of the Dungeon
 15015 | D:10     | 15015 ||| READING scroll of enchant armour.
 15015 | D:10     | 15015 ||| ENCHANTING +0 cloak.
 15039 | D:10     | Identified the +6 falchion "Zyxkawagg" {protect, rN+ Dex+4
                  | Stlth-}
 15058 | D:10     | 15058 ||| Stepping ~*~*~tactically~*~*~ (stealth).
 15062 | D:10     | 15062 ||| Stepping ~*~*~tactically~*~*~ (stealth).
 15064 | D:10     | 15064 ||| INVOKING Heroism.
 15148 | D:10     | 15148 ||| INVOKING Heroism.
 15256 | D:10     | Found a bloodstained altar of Trog.
 15351 | D:10     | Found a shadowy altar of Dithmenos.
 15351 | D:10     | Found a snail-covered altar of Cheibriados.
 15408 | D:10     | Found a shimmering blue altar of Sif Muna.
 15683 | D:10     | Identified the +2 leather armour of Fae Surprise {rF- rN+
                  | Will++ Dex+2}
 15719 | D:10     | 15719 ||| READING scroll labelled MUARUO BUENKUEKIKK.
 15911 | D:11     | 15911 ||| INVOKING Heroism.
 16003 | D:11     | 16003 ||| Stepping ~*~*~tactically~*~*~ (stealth).
 16005 | D:11     | 16005 ||| INVOKING Heroism.
 16009 | D:11     | 16009 ||| READING 6 scrolls of teleportation.
 16083 | D:11     | 16083 ||| Stepping ~*~*~tactically~*~*~ (hiding).
 16085 | D:11     | 16085 ||| Stepping ~*~*~tactically~*~*~ (hiding).
 16086 | D:11     | 16086 ||| Stepping ~*~*~tactically~*~*~ (hiding).
 16326 | D:11     | 16326 ||| Stepping ~*~*~tactically~*~*~ (stealth).
 16329 | D:11     | 16329 ||| Stepping ~*~*~tactically~*~*~ (stealth).
 16331 | D:11     | 16331 ||| Stepping ~*~*~tactically~*~*~ (stealth).
 16338 | D:11     | 16338 ||| INVOKING Heroism.
 16364 | D:11     | 16364 ||| Stepping ~*~*~tactically~*~*~ (stealth).
 16380 | D:11     | 16380 ||| Stepping ~*~*~tactically~*~*~ (stealth).
 16507 | D:11     | Noticed Josephine
 16523 | D:11     | Killed Josephine
 16524 | D:11     | Reached skill level 15 in Shields
 16740 | D:11     | 16740 ||| PLANNING D
 16772 | D:12     | Noticed Anyutwal's ghost (journeyman HOFi)
 16784 | D:12     | Found a transporter.
 16844 | D:12     | 16844 ||| Stepping ~*~*~tactically~*~*~ (stealth).
 17129 | D:12     | 17129 ||| INVOKING Heroism.
 17157 | D:12     | 17157 ||| Stepping ~*~*~tactically~*~*~ (stealth).
 17370 | D:12     | 17370 ||| Stepping ~*~*~tactically~*~*~ (stealth).
 17372 | D:12     | 17372 ||| Stepping ~*~*~tactically~*~*~ (hiding).
 17395 | D:12     | Found a transporter.
 17484 | D:12     | Found a staircase to the Orcish Mines.
 17488 | D:12     | 17488 ||| INVOKING Heroism.
 17489 | D:12     | 17489 ||| INVOKING Finesse.
 17613 | D:12     | 17613 ||| UPGRADING to ring of see invisible.
 17615 | D:12     | 17615 ||| READING scroll labelled KUONNE SUFUS.
 17733 | D:13     | 17733 ||| INVOKING Heroism.
 17734 | D:13     | 17734 ||| INVOKING Finesse.
 17836 | D:13     | Identified the +3 pair of gloves of the Vaults {*Slow
                  | +Blink Int+2} (Okawaru gifted it to you on level 13 of the
                  | Dungeon)
 17836 | D:13     | Received a gift from Okawaru
 17946 | D:13     | 17946 ||| Stepping ~*~*~tactically~*~*~ (hiding).
 17950 | D:13     | 17950 ||| INVOKING Heroism.
 18006 | D:13     | 18006 ||| READING 2 scrolls of enchant weapon.
 18006 | D:13     | 18006 ||| ENCHANTING +4 vampiric war axe.
 18007 | D:13     | 18007 ||| DROPPING +3 war axe of electrocution.
 18008 | D:13     | 18008 ||| READING scroll of enchant weapon.
 18008 | D:13     | 18008 ||| ENCHANTING +5 vampiric war axe.
 18015 | D:13     | 18015 ||| INVOKING Heroism.
 18097 | D:13     | 18097 ||| Stepping ~*~*~tactically~*~*~ (hiding).
 18098 | D:13     | 18098 ||| Stepping ~*~*~tactically~*~*~ (hiding).
 18100 | D:13     | 18100 ||| Stepping ~*~*~tactically~*~*~ (hiding).
 18101 | D:13     | 18101 ||| Stepping ~*~*~tactically~*~*~ (hiding).
 18574 | D:13     | 18574 ||| DROPPING +3 pair of gloves of the Vaults {*Slow
                  | +Blink Int+2}.
 18613 | D:14     | Noticed Rupert
 18614 | D:14     | 18614 ||| INVOKING Heroism.
 18615 | D:14     | 18615 ||| INVOKING Finesse.
 18621 | D:14     | Paralysed by Rupert for 5 turns
 18633 | D:14     | Killed Rupert
 18779 | D:14     | 18779 ||| Stepping ~*~*~tactically~*~*~ (hiding).
 18853 | D:14     | 18853 ||| Stepping ~*~*~tactically~*~*~ (hiding).
 18854 | D:14     | 18854 ||| Stepping ~*~*~tactically~*~*~ (hiding).
 18857 | D:14     | 18857 ||| INVOKING Heroism.
 18866 | D:14     | 18866 ||| INVOKING Finesse.
 18877 | D:14     | Reached XP level 15. HP: 93/93 MP: 16/22
 18920 | D:14     | 18920 ||| Stepping ~*~*~tactically~*~*~ (hiding).
 18922 | D:14     | 18922 ||| Stepping ~*~*~tactically~*~*~ (hiding).
 19002 | D:14     | 19002 ||| INVOKING Heroism.
 19006 | D:14     | 19006 ||| SWAPPING to +0 demon whip of venom.
 19007 | D:14     | 19007 ||| INVOKING Finesse.
 19012 | D:14     | 19012 ||| Stepping ~*~*~tactically~*~*~ (outnumbered).
 19023 | D:14     | 19023 ||| Stepping ~*~*~tactically~*~*~ (outnumbered).
 19024 | D:14     | 19024 ||| Stepping ~*~*~tactically~*~*~ (outnumbered).
 19025 | D:14     | 19025 ||| Stepping ~*~*~tactically~*~*~ (outnumbered).
 19026 | D:14     | 19026 ||| Stepping ~*~*~tactically~*~*~ (outnumbered).
 19033 | D:14     | 19033 ||| SWAPPING to +6 vampiric war axe.
 19044 | D:14     | Identified the +2 robe "Cuph" {+Inv Dex+2} (Okawaru gifted
                  | it to you on level 14 of the Dungeon)
 19044 | D:14     | Received a gift from Okawaru
 19075 | D:14     | 19075 ||| Stepping ~*~*~tactically~*~*~ (stealth).
 19128 | D:14     | Noticed Lodul
 19129 | D:14     | 19129 ||| Stepping ~*~*~tactically~*~*~ (stealth).
 19133 | D:14     | 19133 ||| Stepping ~*~*~tactically~*~*~ (stealth).
 19141 | D:14     | 19141 ||| Stepping ~*~*~tactically~*~*~ (stealth).
 19142 | D:14     | 19142 ||| Stepping ~*~*~tactically~*~*~ (stealth).
 19151 | D:14     | Found a hide-covered altar of Uskayaw.
 19158 | D:14     | 19158 ||| Stepping ~*~*~tactically~*~*~ (stealth).
 19160 | D:14     | 19160 ||| Stepping ~*~*~tactically~*~*~ (stealth).
 19178 | D:14     | Killed Lodul
 19382 | D:14     | 19382 ||| Stepping ~*~*~tactically~*~*~ (stealth).
 19388 | D:14     | 19388 ||| Stepping ~*~*~tactically~*~*~ (stealth).
 19390 | D:14     | 19390 ||| Stepping ~*~*~tactically~*~*~ (stealth).
 19392 | D:14     | 19392 ||| Stepping ~*~*~tactically~*~*~ (hiding).
 19394 | D:14     | 19394 ||| INVOKING Heroism.
 19465 | D:14     | Found a gate to the Vaults.
 19489 | D:14     | 19489 ||| Stepping ~*~*~tactically~*~*~ (hiding).
 19774 | D:14     | 19774 ||| Stepping ~*~*~tactically~*~*~ (stealth).
 19824 | D:14     | 19824 ||| INVOKING Heroism.
 19824 | D:14     | Noticed Kirke
 19825 | D:14     | 19825 ||| INVOKING Finesse.
 19852 | D:14     | Killed Kirke
 19853 | D:14     | Reached skill level 16 in Shields
 19982 | D:14     | Identified the ring of Ahimuleo {Str+6 Stlth+}
 20464 | D:14     | 20464 ||| Stepping ~*~*~tactically~*~*~ (hiding).
 20492 | D:14     | 20492 ||| UPGRADING to ring of Ahimuleo {Str+6 Stlth+}.
 20494 | D:14     | 20494 ||| UPGRADING to +2 chain mail of fire resistance.
 20541 | D:15     | Entered Level 15 of the Dungeon
 20550 | D:15     | Found Capigiyt's Weapon Emporium.
 20596 | D:15     | 20596 ||| INVOKING Heroism.
 20603 | D:15     | Reached skill level 3 in Dodging
 20725 | D:15     | 20725 ||| Stepping ~*~*~tactically~*~*~ (hiding).
 20726 | D:15     | 20726 ||| INVOKING Heroism.
 20727 | D:15     | 20727 ||| INVOKING Finesse.
 20731 | D:15     | 20731 ||| Stepping ~*~*~tactically~*~*~ (hiding).
 20855 | D:15     | 20855 ||| Stepping ~*~*~tactically~*~*~ (hiding).
 20883 | D:15     | 20883 ||| INVOKING Heroism.
 20896 | D:15     | Paralysed by a great orb of eyes for 5 turns
 20902 | D:15     | 20902 ||| INVOKING Heroism.
 20906 | D:15     | 20906 ||| FLEEEEING.
 20907 | D:15     | 20907 ||| FLEEEEING.
 20908 | D:15     | 20908 ||| FLEEEEING.
 20909 | D:15     | 20909 ||| FLEEEEING.
 20910 | D:15     | 20910 ||| FLEEEEING.
 20911 | D:15     | 20911 ||| FLEEEEING.
 20913 | D:15     | 20913 ||| Stepping ~*~*~tactically~*~*~ (hiding).
 20993 | D:15     | 20993 ||| INVOKING Heroism.
 21014 | D:15     | 21014 ||| INVOKING Finesse.
 21114 | D:15     | 21114 ||| Stepping ~*~*~tactically~*~*~ (stealth).
 21136 | D:15     | 21136 ||| Stepping ~*~*~tactically~*~*~ (hiding).
 21148 | D:15     | Found a staircase to the Depths.
 21309 | D:15     | Reached skill level 15 in Axes
 21351 | D:15     | 21351 ||| Stepping randomly (stuck).
 21352 | D:15     | 21352 ||| Stepping randomly (stuck).
 21369 | D:15     | 21369 ||| INVOKING Heroism.
 21379 | D:15     | Received a gift from Okawaru
 21499 | D:15     | 21499 ||| PLANNING ORC
 21595 | Orc:1    | Entered Level 1 of the Orcish Mines
 21599 | Orc:1    | 21599 ||| INVOKING Heroism.
 21612 | Orc:1    | Found Gamav's General Store.
 21635 | Orc:1    | 21635 ||| BUYING potion of might (56 gold).
 21635 | Orc:1    | Bought a potion of might for 56 gold pieces
 21651 | Orc:1    | 21651 ||| Stepping ~*~*~tactically~*~*~ (hiding).
 21652 | Orc:1    | 21652 ||| Stepping ~*~*~tactically~*~*~ (hiding).
 21655 | Orc:1    | 21655 ||| INVOKING Heroism.
 21868 | Orc:1    | 21868 ||| Stepping ~*~*~tactically~*~*~ (stealth).
 21870 | Orc:1    | 21870 ||| INVOKING Heroism.
 21896 | Orc:1    | 21896 ||| Stepping ~*~*~tactically~*~*~ (stealth).
 22078 | Orc:2    | Entered Level 2 of the Orcish Mines
 22079 | Orc:2    | 22079 ||| INVOKING Heroism.
 22080 | Orc:2    | 22080 ||| STAIRDANCE
 22090 | Orc:2    | 22090 ||| STAIRDANCE
 22150 | Orc:2    | 22150 ||| Stepping ~*~*~tactically~*~*~ (stealth).
 22160 | Orc:2    | 22160 ||| Stepping ~*~*~tactically~*~*~ (stealth).
 22187 | Orc:2    | Noticed Nessos
 22188 | Orc:2    | 22188 ||| INVOKING Finesse.
 22198 | Orc:2    | 22198 ||| INVOKING Heroism.
 22210 | Orc:2    | 22210 ||| Stepping ~*~*~tactically~*~*~ (hiding).
 22211 | Orc:2    | 22211 ||| Stepping ~*~*~tactically~*~*~ (hiding).
 22213 | Orc:2    | 22213 ||| Stepping ~*~*~tactically~*~*~ (hiding).
 22222 | Orc:2    | Reached skill level 12 in Fighting
 22225 | Orc:2    | Killed Nessos
 22436 | Orc:2    | 22436 ||| INVOKING Heroism.
 22462 | Orc:2    | 22462 ||| INVOKING Heroism.
 22463 | Orc:2    | 22463 ||| Stepping ~*~*~tactically~*~*~ (stealth).
 22501 | Orc:2    | 22501 ||| INVOKING Heroism.
 22546 | Orc:2    | 22546 ||| INVOKING Heroism.
 22574 | Orc:2    | 22574 ||| Stepping ~*~*~tactically~*~*~ (hiding).
 22576 | Orc:2    | 22576 ||| Stepping ~*~*~tactically~*~*~ (hiding).
 22595 | Orc:2    | Found a staircase to the Elven Halls.
 22649 | Orc:2    | 22649 ||| INVOKING Heroism.
 22653 | Orc:2    | Reached XP level 16. HP: 91/101 MP: 20/23
 22756 | Orc:2    | 22756 ||| INVOKING Heroism.
 22761 | Orc:2    | Noticed Maurice
 22763 | Orc:2    | 22763 ||| Stepping ~*~*~tactically~*~*~ (hiding).
 22764 | Orc:2    | 22764 ||| Stepping ~*~*~tactically~*~*~ (hiding).
 22775 | Orc:2    | Killed Maurice
 22789 | Orc:1    | Noticed Sonja
 22790 | Orc:1    | 22790 ||| INVOKING Finesse.
 22794 | Orc:1    | Killed Sonja
 22913 | Orc:2    | 22913 ||| Stepping ~*~*~tactically~*~*~ (stealth).
 22915 | Orc:2    | 22915 ||| FLEEEEING.
 23014 | Orc:2    | 23014 ||| INVOKING Heroism.
 23037 | Orc:2    | 23037 ||| INVOKING Heroism.
 23069 | Orc:2    | Reached skill level 6 in Throwing
 23100 | Orc:2    | 23100 ||| INVOKING Heroism.
 23147 | Orc:2    | 23147 ||| Stepping ~*~*~tactically~*~*~ (stealth).
 23149 | Orc:2    | 23149 ||| INVOKING Heroism.
 23151 | Orc:2    | 23151 ||| Stepping ~*~*~tactically~*~*~ (stealth).
 23162 | Orc:2    | Received a gift from Okawaru
 23164 | Orc:2    | 23164 ||| DROPPING +0 morningstar of holy wrath.
 23166 | Orc:2    | Found Gufuc's Book Boutique.
 23177 | Orc:2    | Found Gezem's Book Shop.
 23178 | Orc:2    | 23178 ||| Stepping ~*~*~tactically~*~*~ (stealth).
 23289 | Orc:2    | 23289 ||| Stepping ~*~*~tactically~*~*~ (hiding).
 23292 | Orc:2    | 23292 ||| Stepping ~*~*~tactically~*~*~ (hiding).
 23293 | Orc:2    | 23293 ||| Stepping ~*~*~tactically~*~*~ (hiding).
 23294 | Orc:2    | 23294 ||| Stepping ~*~*~tactically~*~*~ (hiding).
 23295 | Orc:2    | 23295 ||| Stepping ~*~*~tactically~*~*~ (hiding).
 23410 | Orc:2    | 23410 ||| Stepping ~*~*~tactically~*~*~ (hiding).
 23411 | Orc:2    | 23411 ||| Stepping ~*~*~tactically~*~*~ (hiding).
 23420 | Orc:2    | 23420 ||| INVOKING Heroism.
 23422 | Orc:2    | 23422 ||| Stepping ~*~*~tactically~*~*~ (hiding).
 23438 | Orc:2    | Found Unuhoifi's Weapon Emporium.
 23467 | Orc:2    | 23467 ||| INVOKING Heroism.
 23472 | Orc:2    | 23472 ||| DRINKING 5 potions of cancellation.
 23491 | Orc:2    | 23491 ||| BUYING +1 war axe of holy wrath (159 gold).
 23491 | Orc:2    | Bought a +1 war axe of holy wrath for 159 gold pieces
 23508 | Orc:2    | 23508 ||| INVOKING Finesse.
 23568 | Orc:2    | 23568 ||| Stepping ~*~*~tactically~*~*~ (hiding).
 23569 | Orc:2    | 23569 ||| Stepping ~*~*~tactically~*~*~ (hiding).
 23570 | Orc:2    | 23570 ||| Stepping ~*~*~tactically~*~*~ (hiding).
 23635 | Orc:2    | 23635 ||| Stepping ~*~*~tactically~*~*~ (stealth).
 23638 | Orc:2    | 23638 ||| Stepping ~*~*~tactically~*~*~ (stealth).
 23639 | Orc:2    | 23639 ||| Stepping ~*~*~tactically~*~*~ (stealth).
 23641 | Orc:2    | 23641 ||| Stepping ~*~*~tactically~*~*~ (hiding).
 23748 | Orc:2    | 23748 ||| Stepping ~*~*~tactically~*~*~ (stealth).
 23749 | Orc:2    | 23749 ||| INVOKING Heroism.
 23796 | Orc:2    | 23796 ||| INVOKING Heroism.
 23830 | Orc:2    | 23830 ||| Stepping ~*~*~tactically~*~*~ (hiding).
 23832 | Orc:2    | 23832 ||| Stepping ~*~*~tactically~*~*~ (hiding).
 23846 | Orc:2    | 23846 ||| INVOKING Heroism.
 23861 | Orc:2    | Found Lyodghafu's Antique Weapon Shop.
 23984 | Orc:2    | 23984 ||| PLANNING SPIDER:1-3
 24127 | Spider:1 | Entered Level 1 of the Spider Nest
 24154 | Spider:1 | 24154 ||| INVOKING Finesse.
 24269 | Spider:1 | 24269 ||| INVOKING Heroism.
 24468 | Spider:1 | 24468 ||| INVOKING Finesse.
 24480 | Spider:1 | Reached skill level 17 in Shields
 24621 | Spider:1 | 24621 ||| Stepping ~*~*~tactically~*~*~ (stealth).
 24623 | Spider:1 | 24623 ||| Stepping ~*~*~tactically~*~*~ (stealth).
 24691 | Spider:1 | 24691 ||| INVOKING Heroism.
 24853 | Spider:1 | 24853 ||| INVOKING Heroism.
 25043 | Spider:2 | 25043 ||| Stepping ~*~*~tactically~*~*~ (stealth).
 25045 | Spider:2 | 25045 ||| INVOKING Heroism.
 25078 | Spider:2 | 25078 ||| Stepping ~*~*~tactically~*~*~ (stealth).
 25079 | Spider:2 | 25079 ||| Stepping ~*~*~tactically~*~*~ (stealth).
 25165 | Spider:2 | 25165 ||| INVOKING Heroism.
 25166 | Spider:2 | 25166 ||| INVOKING Finesse.
 25280 | Spider:2 | 25280 ||| Stepping ~*~*~tactically~*~*~ (stealth).
 25284 | Spider:2 | 25284 ||| Stepping ~*~*~tactically~*~*~ (stealth).
 25294 | Spider:2 | 25294 ||| Stepping ~*~*~tactically~*~*~ (stealth).
 25298 | Spider:2 | 25298 ||| Stepping ~*~*~tactically~*~*~ (stealth).
 25300 | Spider:2 | 25300 ||| Stepping ~*~*~tactically~*~*~ (stealth).
 25321 | Spider:2 | 25321 ||| Stepping ~*~*~tactically~*~*~ (stealth).
 25330 | Spider:2 | 25330 ||| Stepping ~*~*~tactically~*~*~ (stealth).
 25365 | Spider:2 | 25365 ||| INVOKING Heroism.
 25381 | Spider:2 | Received a gift from Okawaru
 25382 | Spider:2 | Reached XP level 17. HP: 98/109 MP: 24/24
 25393 | Spider:2 | 25393 ||| Stepping ~*~*~tactically~*~*~ (stealth).
 25394 | Spider:2 | 25394 ||| Stepping ~*~*~tactically~*~*~ (stealth).
 25411 | Spider:2 | 25411 ||| DROPPING +2 vorpal broad axe.
 25417 | Spider:2 | 25417 ||| Stepping ~*~*~tactically~*~*~ (stealth).
 25419 | Spider:2 | 25419 ||| Stepping ~*~*~tactically~*~*~ (stealth).
 25421 | Spider:2 | 25421 ||| Stepping ~*~*~tactically~*~*~ (stealth).
 25691 | Spider:2 | 25691 ||| Stepping ~*~*~tactically~*~*~ (stealth).
 25694 | Spider:2 | 25694 ||| INVOKING Heroism.
 25702 | Spider:2 | Reached skill level 18 in Shields
 25766 | Spider:2 | 25766 ||| Stepping ~*~*~tactically~*~*~ (stealth).
 25796 | Spider:2 | 25796 ||| INVOKING Heroism.
 25848 | Spider:2 | 25848 ||| INVOKING Heroism.
 25990 | Spider:2 | 25990 ||| INVOKING Heroism.
 25991 | Spider:2 | 25991 ||| INVOKING Finesse.
 26003 | Spider:2 | Identified the +6 chain mail "Kiluh" {rCorr} (Okawaru
                  | gifted it to you on level 2 of the Spider Nest)
 26003 | Spider:2 | Received a gift from Okawaru
 26071 | Spider:2 | 26071 ||| Stepping ~*~*~tactically~*~*~ (stealth).
 26072 | Spider:2 | 26072 ||| Stepping ~*~*~tactically~*~*~ (stealth).
 26076 | Spider:2 | 26076 ||| Stepping ~*~*~tactically~*~*~ (stealth).
 26083 | Spider:2 | 26083 ||| INVOKING Heroism.
 26161 | Spider:2 | 26161 ||| DROPPING +0 plate armour.
 26162 | Spider:2 | 26162 ||| DROPPING +2 acid dragon scales.
 26163 | Spider:2 | 26163 ||| UPGRADING to +6 chain mail "Kiluh" {rCorr}.
 26200 | Spider:3 | 26200 ||| INVOKING Heroism.
 26202 | Spider:3 | 26202 ||| Stepping ~*~*~tactically~*~*~ (hiding).
 26215 | Spider:3 | Reached skill level 12 in Armour
 26376 | Spider:3 | 26376 ||| INVOKING Heroism.
 26452 | Spider:3 | 26452 ||| Stepping ~*~*~tactically~*~*~ (stealth).
 26471 | Spider:3 | 26471 ||| Stepping ~*~*~tactically~*~*~ (stealth).
 26482 | Spider:3 | 26482 ||| Stepping ~*~*~tactically~*~*~ (stealth).
 26542 | Spider:3 | 26542 ||| INVOKING Finesse.
 26544 | Spider:3 | 26544 ||| Stepping ~*~*~tactically~*~*~ (hiding).
 26718 | Spider:3 | 26718 ||| Stepping ~*~*~tactically~*~*~ (stealth).
 26720 | Spider:3 | 26720 ||| Stepping ~*~*~tactically~*~*~ (stealth).
 26724 | Spider:3 | 26724 ||| Stepping ~*~*~tactically~*~*~ (stealth).
 26734 | Spider:3 | 26734 ||| INVOKING Heroism.
 26750 | Spider:3 | Reached skill level 15 in Fighting
 26785 | Spider:3 | 26785 ||| Stepping ~*~*~tactically~*~*~ (stealth).
 26854 | Spider:3 | 26854 ||| Stepping ~*~*~tactically~*~*~ (hiding).
 26867 | Spider:3 | 26867 ||| INVOKING Heroism.
 26912 | Spider:3 | 26912 ||| Stepping ~*~*~tactically~*~*~ (stealth).
 26914 | Spider:3 | 26914 ||| Stepping ~*~*~tactically~*~*~ (stealth).
 26915 | Spider:3 | 26915 ||| Stepping ~*~*~tactically~*~*~ (stealth).
 27142 | Spider:3 | Identified a scroll of acquirement
 27147 | Spider:3 | 27147 ||| READING scroll of acquirement.
 27147 | Spider:3 | 27147 ||| ACQUIRING ring "Cifig" {rPois rC+ rN+ Will-
                  | Stlth+}
 27147 | Spider:3 | Acquired the ring "Cifig" {rPois rC+ rN+ Will- Stlth+}
 27231 | Spider:3 | 27231 ||| INVOKING Heroism.
 27285 | Spider:3 | 27285 ||| INVOKING Heroism.
 27337 | Spider:3 | 27337 ||| PLANNING SHOALS:1-3
 27405 | Lair:2   | 27405 ||| Stepping ~*~*~tactically~*~*~ (stealth).
 27455 | Shoals:1 | Entered Level 1 of the Shoals
 27474 | Shoals:1 | 27474 ||| Stepping ~*~*~tactically~*~*~ (stealth).
 27580 | Shoals:1 | 27580 ||| INVOKING Heroism.
 27582 | Shoals:1 | 27582 ||| INVOKING Finesse.
 27731 | Shoals:1 | Found Bafafimo's Firing Range.
 27868 | Shoals:1 | Found Puism's Book Emporium.
 28187 | Shoals:1 | 28187 ||| READING 19 scrolls of identify.
 28187 | Shoals:1 | 28187 ||| IDENTIFYING murky ruby potion
 28188 | Shoals:1 | 28188 ||| DROPPING potion of ambrosia.
 28199 | Shoals:2 | 28199 ||| Stepping ~*~*~tactically~*~*~ (hiding).
 28211 | Shoals:2 | You are sucked into a shaft and drop 1 floor!
 28240 | Shoals:3 | 28240 ||| Stepping ~*~*~tactically~*~*~ (hiding).
 28241 | Shoals:3 | 28241 ||| Stepping ~*~*~tactically~*~*~ (hiding).
 28245 | Shoals:3 | 28245 ||| INVOKING Heroism.
 28246 | Shoals:3 | 28246 ||| INVOKING Finesse.
 28334 | Shoals:3 | 28334 ||| INVOKING Heroism.
 28361 | Shoals:3 | 28361 ||| INVOKING Heroism.
 28413 | Shoals:2 | Received a gift from Okawaru
 28487 | Shoals:2 | 28487 ||| Stepping ~*~*~tactically~*~*~ (hiding).
 28488 | Shoals:2 | 28488 ||| Stepping ~*~*~tactically~*~*~ (hiding).
 28593 | Shoals:2 | Noticed a kraken
 28598 | Shoals:2 | 28598 ||| INVOKING Heroism.
 28602 | Shoals:2 | Killed a kraken
 28603 | Shoals:2 | Reached XP level 18. HP: 119/119 MP: 22/25
 28603 | Shoals:2 | 28603 ||| DROPPING +11 whip of Abuse {flame, rPois rCorr
                  | Str+5 Int-5}.
 28604 | Shoals:2 | 28604 ||| DROPPING +0 demon whip of venom.
 28790 | Shoals:2 | 28790 ||| INVOKING Heroism.
 28819 | Shoals:2 | 28819 ||| INVOKING Heroism.
 29198 | Shoals:3 | Noticed Mara
 29199 | Shoals:3 | 29199 ||| INVOKING Heroism.
 29200 | Shoals:3 | 29200 ||| INVOKING Finesse.
 29211 | Shoals:3 | Noticed qw's illusion
 29238 | Shoals:3 | HP: 15/119 [qw's illusion (illusionary)[Mara] (18)]
 29239 | Shoals:3 | 29239 ||| READING 9 scrolls of teleportation.
 29240 | Shoals:3 | 29240 ||| DRINKING 2 potions of heal wounds.
 29241 | Shoals:3 | Killed from afar by Mara

Levels and vault maps discovered:
D:1:      kilobyte_arrival_exit_the_forest, layout_basic,
          chequers_ecumenical_altar_island
D:2:      layout_basic, uniq_natasha
D:3:      layout_rooms, nicolae_overflow_ecumenical_swirl, chequers_arboretum,
          minmay_checkerbox, uniq_terence
D:4:      layout_loops_ring, minitemple, hangedman_decor_lopped
D:5:      minmay_octagon_keep, layout_loops_corners, uniq_pikel
D:6:      layout_loops_ring, lemuel_coloured_pillars_altar,
          minmay_temple_entry_mist, kennysheep_generic_room_9
D:7:      layout_cave_pods, elyvilon_altar_1
D:8:      layout_basic, serial_rivers, chequers_serial_rivers_micro_d,
          chequers_serial_rivers_micro_a, chequers_serial_rivers_small_3,
          chequers_serial_rivers_marsh, chequers_serial_rivers_micro_e,
          hellmonk_ghost_big_iron
D:9:      layout_roguey, lair_entry_dummy
D:10:     layout_loops_ring, mainiacjoe_overflow_alcove_4,
          gammafunk_temple_overflow_wave, overflow_temple_1_default
D:11:     layout_irregular_city, uniq_josephine
D:12:     layout_loops_ring, orc_0_dummy, gammafunk_ghost_arena,
          grunt_decor_fettered
D:13:     layout_long_grid
D:14:     layout_layer_cave, hangedman_vaults_entry_quadrant_bands, minivault_4,
          minmay_hedge_maze, nicolae_uskayaw_dance_hall, uniq_lodul, uniq_kirke,
          uniq_rupert
D:15:     gammafunk_enter_depths_forms, layout_irregular_city, serial_shops,
          nicolae_shop_bloodbath_and_beyond, einodemon_crawler_minivault
Temple:   hellmonk_temple_flake
Lair:1:   layout_chaotic_city, minmay_lair_oklob_items, uniq_maggie, uniq_fannar
Lair:2:   nzn_winding_woodlands_cross [nzn_winding_woodlands_5x15_crooked,
          nzn_winding_woodlands_5x15_eye, nzn_winding_woodlands_5x15_longhouse,
          nzn_winding_woodlands_5x15_cabin,
          nzn_winding_woodlands_15x15_boxy_spiral], layout_small_grid,
          spider_nest_entry_funnel_web
Lair:3:   layout_cave_shapes, minmay_shoals_entry_hut,
          chequers_serial_rivers_small_a, patterned_corridor, uniq_amaemon
Lair:4:   layout_loops_ring, fungi_pond_lemuel, minmay_lindwurm_lava,
          lemuel_fruit_fields
Lair:5:   grunt_lair_end_beastmaster, layout_long_grid,
          dpeg_slime_entry_enclosed, grunt_megastairs_1
Shoals:1: layout_shoals, serial_shops, shop, nicolae_shop_firing_range
Shoals:2: layout_shoals, nicolae_shoals_shepherds
Shoals:3: layout_shoals, uniq_mara
Spider:1: layout_spider_delve, hangedman_spider_tarantella_strand
Spider:2: layout_spider_delve, nicolae_spider_undead_wolf_pack
Spider:3: layout_spider_delve, hangedman_stitches_earthworm
Orc:1:    layout_caves, serial_shops, shop, guppyfry_library_mini, uniq_sonja
Orc:2:    pubby_orc_utopia, uniq_nessos, uniq_maurice

Skill      XL: |  1  2  3  4  5  6  7  8  9 10 11 12 13 14 15 16 17 18 |
---------------+-------------------------------------------------------+-----
Axes           | 2 3 4 5 6 8 9 10 11 12 14 15 16 | 16.0
Shields        | 4 5 7 9 10 11 12 13 14 15 16 17 18 | 18.5
Fighting       | 4 5 6 7 8 10 12 13 15 | 15.0
Dodging        | 1 2 3 4 |  4.0
Armour         | 4 6 7 8 9 10 11 13 | 13.0
Throwing       | 1 3 4 5 6 7 8 |  8.7
Invocations    | 1 4 6 10 | 10.0

Action                   |  1- 3 |  4- 6 |  7- 9 | 10-12 | 13-15 | 16-18 || total
-------------------------+-------+-------+-------+-------+-------+-------++-------
Melee: War axe           |    94 |   190 |   301 |   736 |  1274 |  1283 ||  3878
       Flail             |       |       |       |    12 |       |       ||    12
       Whip              |       |       |       |    10 |       |       ||    10
       Demon whip        |       |       |       |       |    62 |       ||    62
Throw: Boomerang         |       |       |    53 |    64 |    67 |   140 ||   324
       Javelin           |       |       |       |    15 |    53 |    63 ||   131
Invok: Heroism           |       |       |     1 |    37 |    53 |    35 ||   126
       Finesse           |       |       |       |     1 |    13 |    10 ||    24
  Use: Scroll            |     3 |     5 |     8 |     9 |    11 |     3 ||    39
       Potion            |       |       |     3 |     4 |     1 |     2 ||    10
Armor: Scale mail        |    41 |     9 |       |       |       |       ||    50
       Chain mail        |       |    91 |   244 |    79 |   106 |   482 ||  1002
       Plate armour      |       |       |       |   271 |   557 |       ||   828
Dodge: Dodged            |    39 |    19 |    63 |   126 |   275 |   233 ||   755
Block: Buckler           |    19 |       |       |       |       |       ||    19
       Tower shield      |       |   152 |   362 |   702 |  1262 |  1244 ||  3722

Table legend:
 A = Non-vault XP
 B = Vault XP
 C = Vault XP percentage of total XP
 D = Non-vault monster count
 E = Vault monster count
 F = Vault count percentage of total count
                 A         B        C        D         E       F
            +---------+---------+-------+---------+---------+-------
      Total |  168087 |   89714 |  34.8 |     713 |     318 |  30.8
            +---------+---------+-------+---------+---------+-------
        D:1 |      56 |       0 |   0.0 |      27 |       0 |   0.0
        D:2 |     117 |      35 |  23.0 |      15 |       1 |   6.2
        D:3 |      85 |      45 |  34.6 |      20 |       5 |  20.0
        D:4 |     365 |       0 |   0.0 |      30 |       0 |   0.0
        D:5 |     698 |    1240 |  64.0 |      18 |      12 |  40.0
        D:6 |    1113 |      91 |   7.6 |      25 |       1 |   3.8
        D:7 |    1112 |       0 |   0.0 |      28 |       0 |   0.0
        D:8 |    1936 |       0 |   0.0 |      49 |       0 |   0.0
        D:9 |    1387 |       0 |   0.0 |      17 |       0 |   0.0
       D:10 |    2156 |       0 |   0.0 |      16 |       0 |   0.0
       D:11 |    6053 |    1998 |  24.8 |      30 |       6 |  16.7
       D:12 |    5927 |       0 |   0.0 |      18 |       0 |   0.0
       D:13 |    9420 |       0 |   0.0 |      29 |       0 |   0.0
       D:14 |   10306 |   12453 |  54.7 |      28 |      33 |  54.1
       D:15 |    7930 |    7766 |  49.5 |      26 |      15 |  36.6
     Lair:1 |    3688 |    1255 |  25.4 |       5 |       2 |  28.6
     Lair:2 |    4688 |    5817 |  55.4 |      17 |      20 |  54.1
     Lair:3 |   10760 |    1392 |  11.5 |      39 |       3 |   7.1
     Lair:4 |    2212 |    3293 |  59.8 |       8 |       4 |  33.3
     Lair:5 |    3577 |   10453 |  74.5 |      11 |      20 |  64.5
   Shoals:1 |   10693 |       6 |   0.1 |      24 |       3 |  11.1
   Shoals:2 |   12778 |    3458 |  21.3 |      25 |       6 |  19.4
   Shoals:3 |    4932 |       0 |   0.0 |       9 |       0 |   0.0
   Spider:1 |   21171 |     277 |   1.3 |      52 |       1 |   1.9
   Spider:2 |   24015 |    9549 |  28.5 |      80 |      18 |  18.4
   Spider:3 |   19638 |    5354 |  21.4 |      53 |      10 |  15.9
      Orc:1 |    1274 |    1354 |  51.5 |      14 |      20 |  58.8
      Orc:2 |       0 |   23878 | 100.0 |       0 |     138 | 100.0
            +---------+---------+-------+---------+---------+-------
